cohdb
Replays
Latest Replays
All Replays
Popular Replays
Top Player Replays
Match Explorer
How It Works
Community
CoH3 Stats
Reddit
Sign in to upload your games and track your stats! →
Sign in with Steam
Match 19969310
Unlisted
Match 19969310
Overview
Messages
Build Orders
End
Kradschützen Motorcycle Team
Panzergrenadier Squad
250 Light Carrier
Panzergrenadier Squad
Construct Light Support Kompanie
Fire Support Elements
Selects Italian Infantry
Flakvierling Half-track
Panzerjäger Mechanized Group
Vehicle Survival Package
Selects Guastatori Squad
Selects L6/40 Light Tank Combat Group
MG34 Team
2.5-tonne Medical Truck
Guastatori Squad
Pak 38 Mechanized Group
Selects Defensive Operations
Construct Panzerarmee Kommand
Manhattan Cafe
A2O
Kajota
MonoChrome
0
0
Comments
sign in to comment!
No comments posted yet!